 Dungeon Crawl Stone Soup version 0.27.1-15-g792fb953b9 (webtiles) character file.

Game seed: 8652149659862176992

235416 Nixze the Destroyer (level 18, -6/166 HPs)
             Began as a Pale Draconian Venom Mage on Nov 19, 2021.
             Was the Champion of Ashenzari.
             Hit by a silver javelin thrown by a merfolk javelineer (8 damage)
             ... on level 4 of the Shoals.
             The game lasted 03:06:52 (54838 turns).

Nixze the Destroyer (Pale Draconian Venom Mage)    Turns: 54838, Time: 03:06:53

Health: -6/166     AC: 15    Str: 12    XL:     18   Next: 91%
Magic:  7/42       EV: 17    Int: 20    God:    Ashenzari [******]
Gold:   2224       SH: 18    Dex: 18    Spells: 2/57 levels left

rFire    + . .     SeeInvis +   L - +2 mace of Supernal Knowledge {drain, rElec rF+ rC+ Dex+4, Bglg, Elem} (curse)
rCold    + . .     Faith    .   C - +0 kite shield of the Celestial Sage {reflect, Elem, Alch} (curse)
rNeg     . . .     Spirit   .   (armour unavailable)
rPois    +         Reflect  +   v - +2 hat "Share My Doubts" {Cun, Self} (curse)
rElec    +         Harm     .   y - +0 cloak of Ashenzari's Gnosis {Alch, Fort} (curse)
rCorr    .         Rampage  .   A - +0 pair of gloves of Ashenzari's Omen {Alch, Melee} (curse)
Will     +....     Clarity  +   m - +0 pair of boots of the Eye in the Sky {Self, Elem} (curse)
Stlth    ++........             B - amulet of the Eye in the Sky {Reflect SH+5, Self, Elem} (curse)
HPRegen  0.37/turn              P - ring "Perceptive Augurer" {Wiz, Bglg, Elem} (curse)
MPRegen  0.28/turn              V - ring "All-seeing Negligence" {rPois, Self, Bglg} (curse)

@: very slightly contaminated, studying Long Blades, very slow
A: breathe steam, AC +10, unfitting armour, cold-blooded, steam resistance
}: 1/15 runes: gossamer
a: Breathe Steam, Renounce Religion, Shatter the Chains


You were on level 4 of the Shoals.
You worshipped Ashenzari.
Ashenzari was exalted by your worship.
You visited 6 branches of the dungeon, and saw 32 of its levels.
You visited 1 bazaar.
You also visited: Ossuary, Bailey, Gauntlet and Ice Cave.

You collected 4497 gold pieces.
You spent 2273 gold pieces at shops.

Inventory:

Hand Weapons
 L - the cursed +2 mace of Supernal Knowledge (weapon) {drain, rElec rF+ rC+ Dex+4, Bglg, Elem}
   (You bought it in a shop on level 10 of the Dungeon)

   A truly terrible weapon, it drains the life of any living foe it strikes.
   Dex:       It affects your dexterity (+4).
   rF:        It protects you from fire.
   rC:        It protects you from cold.
   rElec:     It insulates you from electricity.
   It has a curse which improves the following skills: Beguiling: Conjurations,
   Hexes and Translocations.
   Elements:  Fire Magic, Ice Magic, Air Magic and Earth Magic.
Missiles
 R - a throwing net (quivered)
Armour
 m - the cursed +0 pair of boots of the Eye in the Sky (worn) {Self, Elem}
   (You found it on level 2 of the Lair of Beasts)

   It has a curse which improves the following skills: Introspection: Fighting
   and Spellcasting.
   Elements:  Fire Magic, Ice Magic, Air Magic and Earth Magic.
 v - the cursed +2 hat "Share My Doubts" (worn) {Cun, Self}
   (You found it on level 4 of the Lair of Beasts)

   It has a curse which improves the following skills: Cunning: Dodging and
   Stealth.
   Introspection: Fighting and Spellcasting.
 y - the cursed +0 cloak of Ashenzari's Gnosis (worn) {Alch, Fort}
   (You found it on level 8 of the Dungeon)

   It has a curse which improves the following skills: Alchemy: Poison Magic and
   Transmutations.
   Fortitude: Shields.
 A - the cursed +0 pair of gloves of Ashenzari's Omen (worn) {Alch, Melee}
   (You found it on level 8 of the Dungeon)

   It has a curse which improves the following skills: Alchemy: Poison Magic and
   Transmutations.
   Melee Combat: Short Blades, Long Blades, Axes, Maces & Flails, Polearms,
   Staves and Unarmed Combat.
 C - the cursed +0 kite shield of the Celestial Sage (worn) {reflect, Elem, Alch}
   (You took it off Donald on level 2 of the Spider Nest)

   It has a curse which improves the following skills: Elements: Fire Magic, Ice
   Magic, Air Magic and Earth Magic.
   Alchemy:   Poison Magic and Transmutations.
Jewellery
 u - a ring of magical power
 B - the cursed amulet of the Eye in the Sky (around neck) {Reflect SH+5, Self, Elem}
   (You found it on level 9 of the Dungeon)

   [amulet of reflection]

   It reflects blocked missile attacks.
   SH:        It affects your SH (+5).
   It has a curse which improves the following skills: Introspection: Fighting
   and Spellcasting.
   Elements:  Fire Magic, Ice Magic, Air Magic and Earth Magic.
 J - a ring of flight
 O - a ring of willpower
 P - the cursed ring "Perceptive Augurer" (left hand) {Wiz, Bglg, Elem}
   (You found it on level 1 of the Lair of Beasts)

   [ring of wizardry]

   It improves your spell success rate.
   It has a curse which improves the following skills: Beguiling: Conjurations,
   Hexes and Translocations.
   Elements:  Fire Magic, Ice Magic, Air Magic and Earth Magic.
 V - the cursed ring "All-seeing Negligence" (right hand) {rPois, Self, Bglg}
   (You found it in an ice cave)

   [ring of poison resistance]

   rPois:     It protects you from poison.
   It has a curse which improves the following skills: Introspection: Fighting
   and Spellcasting.
   Beguiling: Conjurations, Hexes and Translocations.
 W - the ring "Nezxoum" {Fire Fly Int+9 Dex+5}
   (You found it on level 4 of the Shoals)

   [ring of fire]

   It enhances your fire magic.
   Int:       It affects your intelligence (+9).
   Dex:       It affects your dexterity (+5).
   rF:        It protects you from fire.
   rC:        It makes you vulnerable to cold.
   Fly:       It grants you flight.
Wands
 a - a wand of iceblast (44)
 z - a wand of flame (49)
 D - a wand of paralysis (30)
 F - a wand of acid (16)
 K - a wand of polymorph (32)
 S - a wand of charming (26)
Scrolls
 e - 2 scrolls of brand weapon
 f - 5 scrolls of enchant weapon
 g - 15 scrolls of teleportation
 h - 5 scrolls of immolation
 k - 4 scrolls of vulnerability
 q - 6 scrolls of amnesia
 t - 5 scrolls of magic mapping
 x - 7 scrolls of enchant armour
 E - 4 scrolls of fog
 H - 2 scrolls of holy word
 M - 2 scrolls of summoning
 N - 8 scrolls of fear
 Z - 5 scrolls of blinking
Potions
 b - 5 potions of attraction
 c - 4 potions of magic
 d - 12 potions of curing
 i - 6 potions of heal wounds
 j - 7 potions of might
 l - 7 potions of resistance
 n - 2 potions of haste
 p - 9 potions of lignification
 r - 11 potions of flight
 s - 2 potions of cancellation
 w - 12 potions of ambrosia
 G - a potion of berserk rage
 I - 2 potions of brilliance
Miscellaneous
 o - a lightning rod (4/4)
 Q - a phial of floods
 T - a condenser vane
 U - a box of beasts
 Y - a lightning rod (4/4)


   Skills:
 - Level 9.2(16.0) Fighting
 - Level 5.6(8.6) Maces & Flails
 + Level 4.9(7.8) Dodging
 - Level 4.0(6.8) Stealth
 - Level 12.6(15.3) Shields
 + Level 13.6(20.1) Spellcasting
 - Level 14.7(20.0) Conjurations
 - Level 4.5(10.0) Translocations
 - Level 1.0(4.1) Transmutations
 - Level 7.2(14.9) Ice Magic
 - Level 12.3(20.0) Air Magic
 - Level 11.1(18.8) Earth Magic
 - Level 10.2(15.8) Poison Magic
 - Level 10.0 Evocations


You had 2 spell levels left.
You knew the following spells:

 Your Spells              Type           Power      Damage    Failure   Level
a - Sting                 Tmut/Pois      100%       1d8       1%          1
b - Poisonous Vapours     Pois/Air       100%       N/A       0%          2
c - Mephitic Cloud        Conj/Pois/Air  76%        N/A       0%          3
d - Olgreb's Toxic Radia  Pois           70%        N/A       1%          4
e - Chain Lightning       Conj/Air       39%        3d52      26%         9
f - Passwall              Tmut/Erth      50%        N/A       1%          2
h - Iskenderun's Mystic   Conj/Tloc      69%        2d14      1%          4
i - Passage of Golubria   Tloc           N/A        N/A       1%          4
j - Lehudib's Crystal Sp  Conj/Erth      39%        10d10     2%          8
k - Iskenderun's Battles  Conj           79%        2d13      0%          5
l - Freezing Cloud        Conj/Ice/Air   38%        6-21      1%          5
m - Lightning Bolt        Conj/Air       39%        1d58      0%          5
n - Ignite Poison         Fire/Tmut/Pois 48%        N/A       1%          3

Your spell library contained the following spells:

 Spells                   Type           Power      Damage    Failure   Level
 Shock                    Conj/Air       100%       1d9       0%          1
 Animate Skeleton         Necr           40%        N/A       1%          1
 Beastly Appendage        Tmut           72%        N/A       1%          1
 Pain                     Necr           80%        1d8       1%          1
 Corpse Rot               Necr/Air       N/A        N/A       1%          2
 Wereblood                Tmut           36%        N/A       1%          2
 Frozen Ramparts          Ice            100%       1d12      0%          3
 Stone Arrow              Conj/Erth      100%       3d13      0%          3
 Swiftness                Air            79%        N/A       0%          3
 Airstrike                Air            39%        N/A       0%          4
 Conjure Flame            Conj/Fire      58%        6-21      1%          3
 Dazzling Flash           Conj/Hex       100%       N/A       1%          3
 Spider Form              Tmut/Pois      28%        N/A       1%          3
 Fulminant Prism          Conj/Hex       29%        3d14      1%          4
 Ice Form                 Ice/Tmut       55%        N/A       1%          4
 Sticky Flame             Conj/Fire      58%        2d7       1%          4
 Summon Ice Beast         Ice/Summ       50%        N/A       1%          4
 Summon Lightning Spire   Summ/Air       56%        N/A       1%          4
 Alistair's Intoxication  Tmut/Pois      37%        N/A       1%          5
 Bolt of Magma            Conj/Fire/Erth 32%        4d14      1%          5
 Borgnjor's Vile Clutch   Necr/Erth      27%        N/A       1%          5
 Irradiate                Conj/Tmut      31%        3d23      1%          5
 Silence                  Hex/Air        29%        N/A       1%          5
 Starburst                Conj/Fire      29%        6d9       1%          6
 Eringya's Noxious Bog    Tmut/Pois      28%        N/A       2%          6
 Vampiric Draining        Necr           10%        2d7       3%          3
 Blade Hands              Tmut           18%        N/A       4%          5
 Animate Dead             Necr           10%        N/A       10%         4
 Agony                    Necr           20%        N/A       26%         5
 Shatter                  Erth           38%        3d30*     38%         9
 Invisibility             Hex            12%        N/A       65%         6
 Death Channel            Necr           10%        N/A       80%         6
 Dragon Form              Tmut           18%        N/A       80%         7
 Haunt                    Necr/Summ      10%        N/A       100%        7
 Infestation              Necr           10%        N/A       100%        8
 Fire Storm               Conj/Fire      29%        8d7       100%        9


Dungeon Overview and Level Annotations

Branches:
Dungeon (15/15)            Temple (1/1) D:4            Lair (6/6) D:8
 Shoals (4/4) Lair:4       Spider (4/4) Lair:2        Slime (0/5) Lair:5
    Orc (2/2) D:11            Elf (0/3) Orc:2        Vaults (0/5) D:14
 Depths (0/5) D:15        Ossuary (visited)          Bailey (visited)
  IceCv (visited)         Gauntlet (visited)

Altars:
Ashenzari
Cheibriados
Dithmenos
Elyvilon
Fedhas
Gozag
Hepliaklqana
Kikubaaqudgha
Makhleb
Nemelex Xobeh
Okawaru
Qazlal
Ru
Sif Muna
Trog
Uskayaw
Vehumet
Wu Jian
Xom
Yredelemnul
Zin
The Shining One
Beogh

Shops:
D:10 [(   Orc:2 (?([   Shoals:1 [

Annotations:
Lair:6 exclusion: obsidian statue


Innate Abilities, Weirdness & Mutations

You can breathe blasts of scalding, opaque steam.
Your pale cyan-grey scales are hard. (AC +10)
You cannot fit into any form of body armour.
You are cold-blooded and may be slowed by cold attacks.
You are immune to the effects of steam.


Message History

The silver javelin pierces through you!
* * * LOW HITPOINT WARNING * * *
x2 You block the sea snake's attack.
Casting: Chain Lightning (dangerous; 26% risk of failure)
Confirm with . or Enter, or press ? or * to list all spells.
Lightning arcs from your hands!
The bolt of lightning hits the sea snake!!!
The sea snake is severely wounded.
The bolt of lightning hits you! You resist.
* * * LOW HITPOINT WARNING * * *
The bolt of lightning hits the sea snake!!!
The sea snake is severely wounded.
You feel very sick.
You hear a shout!
The sea snake completely misses you. You block the sea snake's attack.
The merfolk javelineer throws a silver javelin.
The silver javelin pierces through you.
* * * LOW HITPOINT WARNING * * *
x2 You feel better.
The sea snake bites you!
* * * LOW HITPOINT WARNING * * *
You block the sea snake's attack.
You feel much better. You block the sea snake's attack. x2
A merfolk comes into view. It is wielding a +0 trident.
The merfolk javelineer throws a silver javelin.
The silver javelin closely misses you.
A merfolk avatar comes into view.
Casting: Chain Lightning (dangerous; 26% risk of failure)
Confirm with . or Enter, or press ? or * to list all spells.
You miscast Chain Lightning.
You are very lightly contaminated with residual magic.
There is a short, sharp shower of sparks!
You resist.
* * * LOW HITPOINT WARNING * * *
The sea snake bites you!
* * * LOW HITPOINT WARNING * * *
The sea snake bites you!
* * * LOW HITPOINT WARNING * * *
The merfolk javelineer throws a silver javelin.
The silver javelin pierces through you!
You die...

..#.....≈≈≈≈≈≈≈≈≈≈≈≈≈≈≈≈≈≈ ≈
.##.......≈≈≈≈ ≈≈≈≈≈≈≈≈≈ ≈≈ ≈≈
##.......[.≈≈≈≈≈≈≈≈≈≈≈≈≈≈≈≈≈ ≈
##........#####≈≈≈≈≈≈≈≈≈ ≈ ≈≈≈ ≈
#......####≈≈≈##≈≈≈≈≈≈≈≈ ≈ ≈≈ ≈
.......###.≈≈≈≈#≈≈≈≈≈≈≈≈≈ ≈ ≈ ≈
.≈≈≈...###..)≈≈'≈≈≈≈≈≈≈≈≈≈≈≈≈≈≈≈≈
.≈≈†....##..≈≈≈#S≈≈≈≈≈≈≈≈ ≈≈ ≈≈≈≈
≈P.###.####.≈≈##@S≈≈≈≈m≈ ≈≈≈≈
≈≈.###)##)#####≈≈≈≈≈≈≈≈≈≈ ≈≈≈
≈≈..##......≈≈≈≈≈≈≈≈≈≈≈≈≈ ≈≈≈≈ ≈
≈P≈..#....≈≈†≈≈≈≈≈≈≈≈≈≈≈ ≈ ≈≈ ≈
≈≈≈≈..≈≈≈≈≈≈≈†≈≈≈≈≈≈=..., ≈ ≈
≈≈≈≈≈≈≈≈≈≈≈m≈≈≈≈≈≈≈≈....,,, ≈
≈≈≈≈≈≈≈≈≈≈≈≈≈≈≈≈≈≈≈.)... ,, ≈ ≈
≈≈≈≈≈≈≈≈≈≈≈≈≈≈≈≈≈≈≈....m,,,,,≈ ≈≈
≈≈≈≈≈≈≈≈≈≈≈≈≈≈≈≈≈≈≈....,, , ≈≈≈


You could see a merfolk avatar, a merfolk javelineer, 2 sea snakes and a
merfolk.

Vanquished Creatures
  Polyphemus (Shoals:4)
  Gastronok (D:9)
  Kirke (Lair:6)
  Donald (Spider:2)
  2 frost giants (Shoals:2)
  2 emperor scorpions
  A caustic shrike zombie (D:15)
  4 ghost moths
  The ghost of Sopaderocas the Devastator, a journeyman TeCj of Vehumet (Spider:2)
  Nessos (D:12)
  A white draconian (IceCv)
  Azrael (D:14)
  3 dire elephants (Lair:6)
  7 spark wasps
  The ghost of Misiose the Destroyer, a journeyman GnCj of Gozag (Lair:3)
  A minotaur (Gauntlet)
  An entropy weaver (Lair:2)
  The ghost of Sopaderocas the Unseen, a journeyman KoEn of Dithmenos (Orc:1)
  Snorg (Lair:3)
  4 merfolk javelineers
  10 merfolk impalers
  Josephine (D:11)
  10 hydras
  Fannar (D:11)
  Harold (Lair:2)
  5 boulder beetles
  2 alligator snapping turtles
  4 catoblepae
  9 two-headed ogres
  4 centaur warriors
  A merfolk avatar (Shoals:3)
  A merfolk aquamancer (Shoals:4)
  A tengu warrior (D:15)
  A vampire mage (D:15)
  17 death yaks
  3 orc high priests (Orc:2)
  Urug (D:11)
  A spectral dire elephant (Lair:6)
  Nergalle (D:11)
  A spectral death yak (Lair:6)
  A skeletal warrior (D:15)
  A spectral anaconda (Lair:6)
  A storm dragon skeleton (D:15)
  A deep troll (D:14)
  6 sea snakes
  A kraken simulacrum (Shoals:2)
  14 harpies
  4 necromancers
  13 orb spiders
  A harpy (shapeshifter) (Gauntlet)
  2 lindwurms (Lair:4)
  4 orc sorcerers (Orc:2)
  3 oklob plants
  5 ugly things
  10 cyclopes
  6 orc knights
  29 wolf spiders
  15 fauns
  A worldbinder (Gauntlet)
  3 slime creatures (D:14)
  A cyclops (shapeshifter) (D:15)
  11 manticores
  3 merfolk sirens
  An eye of devastation (Lair:5)
  3 moths of wrath
  7 elephants
  5 black mambas
  A rust devil (Gauntlet)
  4 water nymphs
  Joseph (D:7)
  2 molten gargoyles (Gauntlet)
  4 gargoyles
  2 ice statues (IceCv)
  23 cane toads
  2 torpor snails (Lair:6)
  2 minotaur zombies (Gauntlet)
  13 rime drakes
  A spriggan skeleton (D:15)
  9 komodo dragons
  A dire elephant skeleton (Lair:6)
  2 ice devils (Lair:2)
  A guardian mummy (D:15)
  10 demonic crawlers
  2 tengu conjurers (D:14)
  A freezing wraith (D:14)
  A tyrant leech (Gauntlet)
  A queen bee (Lair:6)
  6 trolls
  14 merfolk
  A hornet (shapeshifter) (D:15)
  A meliai (shapeshifter) (D:10)
  3 meliai (Lair:6)
  A polar bear (Lair:3)
  22 jumping spiders
  6 wind drakes
  11 hornets
  3 spectral elephants (Lair:6)
  13 dream sheep
  18 blink frogs
  An ettin zombie (D:15)
  5 snapping turtles
  A ynoxinul (Gauntlet)
  4 shadows
  77 redbacks
  43 tarantellas
  A human (Lair:6)
  53 yaks
  5 wyverns
  A human (shapeshifter) (D:15)
  6 water elementals
  8 wraiths
  4 fire elementals (D:14)
  3 hogs (Lair:6)
  An alligator snapping turtle simulacrum (Shoals:2)
  5 basilisks
  13 vampire mosquitoes
  3 steam dragons
  4 death yak simulacra
  A harpy simulacrum (Shoals:2)
  3 wargs (Orc:2)
  3 acid dragons
  3 swamp worms (Gauntlet)
  A warg (shapeshifter) (D:14)
  14 water moccasins
  A hell hound (D:14)
  A floating eye (Lair:5)
  3 satyr simulacra (Shoals:2)
  A black bear (D:5)
  3 ogres
  35 orc warriors
  A sky beast (D:8)
  3 boggarts (Gauntlet)
  2 elephant zombies (Lair:6)
  2 necrophages
  3 elephant skeletons (Lair:6)
  23 centaurs
  3 kobold brigands
  11 bullfrogs
  3 elf zombies (Ossuary)
  A cane toad simulacrum (Lair:6)
  A gnoll sergeant (D:8)
  2 faun simulacra (Shoals:2)
  A water moccasin zombie (D:5)
  2 merfolk simulacra (Shoals:2)
  A water moccasin skeleton (D:4)
  31 killer bees
  4 lindwurm simulacra (IceCv)
  2 manticore simulacra (Shoals:2)
  5 snapping turtle simulacra (Shoals:2)
  3 wights (D:9)
  3 howler monkeys
  4 electric eels (Spider:3)
  2 bullfrog zombies
  7 centaur zombies
  A human zombie (Ossuary)
  6 komodo dragon simulacra (IceCv)
  4 lava snakes (Lair:4)
  2 jellies
  11 orc priests
  2 centaur skeletons
  A hound (D:6)
  A gnoll shaman (D:8)
  2 bullfrog skeletons
  2 cyclops simulacra (Shoals:2)
  4 iron imps (Gauntlet)
  18 orc wizards
  A killer bee zombie (D:5)
  A centaur simulacrum (Shoals:2)
  A hound zombie (D:5)
  A hound skeleton (D:4)
  2 mummies (Ossuary)
  A howler monkey zombie (D:9)
  3 howler monkey skeletons
  4 acid dragon simulacra (IceCv)
  8 adders
  4 gnolls (D:8)
  7 steam dragon simulacra (IceCv)
  2 ufetubi
  An adder skeleton (D:4)
  An adder zombie (Ossuary)
  5 worms
  2 dart slugs
  85 orcs
  6 endoplasms
  2 giant cockroaches (D:4)
  5 goblins
  10 hobgoblins
  2 jackals (D:4)
  8 kobolds
  3 quokkas (D:2)
  2 ball pythons
  5 bats
  3 frilled lizards
  A goblin zombie (Ossuary)
  9 hobgoblin zombies (Ossuary)
  2 jackal zombies (Ossuary)
  8 kobold zombies (Ossuary)
  9 orc zombies (Ossuary)
  4 rats
  A rat zombie (Ossuary)
  A tentacle (Shoals:2)
1136 creatures vanquished.

Vanquished Creatures (others)
  A troll (shapeshifter) (D:13)
  3 humans (Lair:6)
  2 orc priests (Orc:2)
  A bush (Lair:6)
  40 fungi
  103 plants
  3 tentacles (Shoals:2)
  31 withered plants
184 creatures vanquished.

Grand Total: 1320 creatures vanquished

Notes
Turn   | Place    | Note
-------+----------+-------------------------------------------
     0 | D:1      | Nixze the Draconian Venom Mage began the quest for the Orb.
     0 | D:1      | Reached XP level 1. HP: 14/14 MP: 3/3
   518 | D:1      | Reached XP level 2. HP: 20/20 MP: 3/5
  1115 | D:2      | Learned a level 2 spell: Poisonous Vapours
  1317 | D:2      | Reached skill level 1 in Air Magic
  1317 | D:2      | Reached XP level 3. HP: 8/26 MP: 0/6
  2140 | D:2      | Found a faded altar of an unknown god.
  2739 | D:3      | Reached XP level 4. HP: 33/33 MP: 1/7
  2998 | D:3      | Reached XP level 5. HP: 8/38 MP: 0/8
  4539 | D:4      | Noticed an orc warrior
  4753 | D:4      | Found a basalt altar of Yredelemnul.
  5045 | D:4      | Reached XP level 6. HP: 25/45 MP: 11/11
  5190 | D:4      | Learned a level 3 spell: Mephitic Cloud
  5195 | D:4      | Learned a level 4 spell: Olgreb's Toxic Radiance
  5304 | D:4      | Found a staircase to the Ecumenical Temple.
  5316 | Temple   | Entered the Ecumenical Temple
  5435 | Temple   | Became a worshipper of Ashenzari the Shackled
  5810 | D:4      | Noticed an orc warrior
  5823 | D:4      | Killed an orc warrior
  5824 | D:4      | Your scales start taking on a pale cyan-grey colour.
  5824 | D:4      | Reached XP level 7. HP: 40/57 MP: 1/13
  5824 | D:4      | Gained mutation: You are immune to the effects of steam.
                  | [Pale Draconian growth]
  5876 | D:4      | Reached skill level 5 in Spellcasting
  6191 | D:4      | Found a white marble altar of Elyvilon.
  6447 | D:5      | Entered Level 5 of the Dungeon
  6483 | D:5      | Found a sand-covered staircase.
  6489 | Ossuary  | Entered an ossuary
  6951 | Ossuary  | Reached skill level 5 in Poison Magic
  7195 | D:5      | Found a hazy altar of Hepliaklqana.
  7247 | D:5      | Reached XP level 8. HP: 63/63 MP: 17/17
  7460 | D:5      | Found a shadowy altar of Dithmenos.
  7890 | D:5      | Reached skill level 5 in Air Magic
  8018 | D:5      | Found Saym's Armour Shop.
  8052 | D:5      | Found a sparkling altar of Nemelex Xobeh.
  8052 | D:5      | Found a shimmering altar of Xom.
  8054 | D:5      | Found a snail-covered altar of Cheibriados.
  8054 | D:5      | Found an opulent altar of Gozag.
  8054 | D:5      | Found a shimmering blue altar of Sif Muna.
  8336 | D:6      | Found an opulent altar of Gozag.
  8339 | D:6      | Found an iron altar of Okawaru.
  8342 | D:6      | Found a glowing silver altar of Zin.
  8570 | D:6      | Reached * piety under Ashenzari
  8774 | D:6      | Reached skill level 1 in Shields
  8964 | D:6      | Reached XP level 9. HP: 70/73 MP: 19/21
  9446 | D:7      | Reached ** piety under Ashenzari
  9489 | D:7      | Noticed Joseph
  9503 | D:7      | Reached skill level 5 in Shields
  9516 | D:7      | Killed Joseph
 10057 | D:8      | Noticed a manticore
 10087 | D:8      | Killed a manticore
 10118 | D:8      | Reached XP level 10. HP: 81/83 MP: 24/24
 10178 | D:8      | Reached skill level 1 in Evocations
 10642 | D:8      | Noticed a two-headed ogre
 10675 | D:8      | Killed a two-headed ogre
 10819 | D:8      | Noticed a gargoyle
 10841 | D:8      | Killed a gargoyle
 10913 | D:8      | Reached *** piety under Ashenzari
 10918 | D:8      | Found a staircase to the Lair.
 11610 | D:9      | Noticed Gastronok
 11630 | D:9      | Killed Gastronok
 11631 | D:9      | Reached XP level 11. HP: 57/92 MP: 10/27
 11789 | D:9      | Noticed a two-headed ogre
 11797 | D:9      | Killed a two-headed ogre
 12202 | D:9      | Noticed a two-headed ogre
 12210 | D:9      | Killed a two-headed ogre
 12211 | D:9      | Reached skill level 5 in Fighting
 12935 | D:10     | Entered Level 10 of the Dungeon
 13051 | D:10     | Found a flagged portal.
 13052 | D:10     | Found Cedavuwor's Weapon Shop.
 13073 | Bailey   | Entered a bailey
 13317 | Bailey   | Reached skill level 5 in Evocations
 13846 | D:10     | Found Paos's Antique Armour Shop.
 13985 | D:10     | Found a sparkling altar of Nemelex Xobeh.
 13987 | D:10     | Found a burning altar of Makhleb.
 14000 | D:10     | Noticed a two-headed ogre
 14020 | D:10     | Killed a two-headed ogre
 14024 | D:10     | Reached skill level 10 in Spellcasting
 14402 | D:10     | Found a bloodstained altar of Trog.
 14923 | D:10     | Reached **** piety under Ashenzari
 15171 | D:10     | Reached skill level 1 in Maces & Flails
 15171 | D:10     | Reached XP level 12. HP: 112/112 MP: 14/31
 15335 | D:10     | Found an ancient bone altar of Kikubaaqudgha.
 15337 | D:10     | Found a stormy altar of Qazlal.
 15423 | D:11     | Noticed Josephine
 15429 | D:11     | Killed Josephine
 15563 | D:11     | Noticed Fannar
 15604 | D:10     | Bought the +2 mace "Backscratcher" {drain, rElec rF+ rC+
                  | Dex+4} for 621 gold pieces
 15666 | D:11     | Killed Fannar
 15668 | D:11     | Noticed Urug
 15700 | D:11     | Killed Urug
 15977 | D:11     | Reached skill level 10 in Poison Magic
 16043 | D:11     | Found a staircase to the Orcish Mines.
 16171 | D:11     | Noticed Nergalle
 16185 | D:11     | Killed Nergalle
 16507 | D:11     | Reached skill level 5 in Maces & Flails
 16570 | D:11     | Noticed a two-headed ogre
 16583 | D:11     | Killed a two-headed ogre
 16863 | Lair:1   | Entered Level 1 of the Lair of Beasts
 16937 | Lair:1   | Noticed a six-headed hydra
 16967 | Lair:1   | Killed a six-headed hydra
 16968 | Lair:1   | Reached skill level 1 in Conjurations
 16968 | Lair:1   | Reached skill level 1 in Earth Magic
 17230 | Lair:1   | Noticed a seven-headed hydra
 17262 | Lair:1   | Killed a seven-headed hydra
 17263 | Lair:1   | Reached skill level 2 in Conjurations
 17601 | Lair:2   | Noticed a seven-headed hydra
 17682 | Lair:2   | Found a frozen archway.
 17721 | Lair:2   | Learned a level 5 spell: Irradiate
 17771 | IceCv    | Entered an ice cave
 18267 | IceCv    | Reached skill level 3 in Conjurations
 18526 | IceCv    | Reached XP level 13. HP: 113/122 MP: 29/32
 18940 | IceCv    | Noticed a white draconian
 19144 | IceCv    | Killed a white draconian
 19145 | IceCv    | Reached skill level 10 in Shields
 19149 | IceCv    | Identified the ring "Cunkuig" {Fly rElec rC+ Str+4 Int-5
                  | SInv}
 19177 | IceCv    | Identified the amulet of Vepn {rF+ Regen+ Str+3 Slay+3}
 19366 | Lair:2   | Reached XP level 14. HP: 129/129 MP: 33/33
 19739 | Lair:2   | Reached skill level 4 in Conjurations
 20074 | Lair:2   | Found an opulent altar of Gozag.
 20081 | Lair:2   | Learned a level 2 spell: Passwall
 20085 | Lair:2   | Learned a level 3 spell: Swiftness
 20513 | Lair:2   | Noticed Harold
 20529 | Lair:2   | Killed Harold
 20745 | Lair:2   | Reached skill level 1 in Translocations
 20747 | Lair:2   | Reached skill level 5 in Conjurations
 20782 | Lair:2   | Reached ***** piety under Ashenzari
 20808 | Lair:2   | Found a hole to the Spider Nest.
 21433 | Lair:3   | Found a transporter.
 21438 | Lair:3   | Noticed Misiose's ghost (journeyman GnCj)
 21527 | Lair:3   | Found a transporter.
 21677 | Lair:3   | Noticed Snorg
 21691 | Lair:3   | Killed Snorg
 21801 | Lair:3   | Learned a level 4 spell: Iskenderun's Mystic Blast
 21806 | Lair:3   | Learned a level 4 spell: Passage of Golubria
 21815 | Lair:3   | Learned a level 8 spell: Lehudib's Crystal Spear
 21890 | Lair:3   | Reached skill level 6 in Conjurations
 22598 | Lair:4   | Found a staircase to the Shoals.
 23386 | Lair:4   | Found a runed translucent door.
 23619 | Lair:4   | Identified the +7 whip of Crystal {chaos, rPois Will- Dex+4
                  | SInv}
 23662 | Lair:4   | Found a runed translucent gate.
 23664 | Lair:4   | Found a runed translucent gate.
 23665 | Lair:4   | Found a runed translucent gate.
 23665 | Lair:4   | Found a runed translucent gate.
 23665 | Lair:4   | Found a runed translucent gate.
 23873 | Lair:4   | Found a runed translucent gate.
 24363 | Lair:5   | Found a staircase to the Slime Pits.
 24381 | Lair:5   | Reached skill level 7 in Conjurations
 24818 | Lair:5   | Reached XP level 15. HP: 139/139 MP: 30/35
 25700 | Lair:6   | Entered Level 6 of the Lair of Beasts
 25718 | Lair:6   | Noticed Kirke
 25732 | Lair:6   | Reached skill level 8 in Conjurations
 25733 | Lair:6   | Killed Kirke
 27552 | Lair:6   | Reached skill level 9 in Conjurations
 28252 | Lair:6   | Found the +4 skin of Zhor {*Englaciate rC+++ SInv}
 28339 | Lair:6   | Reached skill level 10 in Earth Magic
 29097 | Orc:1    | Entered Level 1 of the Orcish Mines
 29525 | Orc:1    | Found a runed translucent gate.
 29525 | Orc:1    | Found a runed translucent gate.
 29525 | Orc:1    | Found a runed translucent gate.
 29528 | Orc:1    | Noticed Sopaderocas's ghost (journeyman KoEn)
 29563 | Orc:1    | Killed Sopaderocas's ghost
 29906 | Orc:2    | Entered Level 2 of the Orcish Mines
 30055 | Orc:2    | Paralysed by an orc sorcerer for 3 turns
 30226 | Orc:2    | Reached skill level 10 in Conjurations
 30226 | Orc:2    | Reached XP level 16. HP: 111/147 MP: 25/38
 30674 | Orc:2    | Found Perassoe's Magic Scroll Emporium.
 30674 | Orc:2    | Found Ciedduhi's Antique Weapon Boutique.
 30798 | Orc:2    | Found Coghuso's Weapon Boutique.
 30798 | Orc:2    | Found Puowes's Armour Emporium.
 30901 | Orc:2    | Found a staircase to the Elven Halls.
 31386 | D:12     | Noticed Nessos
 31396 | D:12     | Killed Nessos
 31615 | D:12     | Found a snail-covered altar of Cheibriados.
 32388 | D:12     | Reached skill level 11 in Conjurations
 32683 | D:13     | Found a flickering gateway to a bazaar.
 32692 | Bazaar   | Entered a bazaar
 32692 | Bazaar   | Found Siexeisapu's Assorted Antiques.
 32692 | Bazaar   | Found Pitren's Book Shop.
 32692 | Bazaar   | Found Rucazxic's Weapon Shop.
 32692 | Bazaar   | Found Qioppic's Armour Boutique.
 32825 | Bazaar   | Bought a book of Vapours for 168 gold pieces
 32825 | Bazaar   | Bought Vehumet's Guide on Blows and Bruises for 308 gold
                  | pieces
 32829 | Bazaar   | Bought a book of Annihilations for 280 gold pieces
 32831 | Bazaar   | Bought a potion of heal wounds for 160 gold pieces
 32831 | Bazaar   | Bought a scroll of teleportation for 96 gold pieces
 32831 | Bazaar   | Bought a scroll of brand weapon for 640 gold pieces
 32916 | D:13     | Learned a level 5 spell: Iskenderun's Battlesphere
 32941 | D:13     | Learned a level 5 spell: Freezing Cloud
 33598 | Lair:2   | Reached ****** piety under Ashenzari
 34265 | D:13     | Reached skill level 1 in Ice Magic
 35030 | D:14     | Found a gate to the Vaults.
 35044 | D:14     | Noticed Azrael
 35253 | D:14     | Killed Azrael
 35686 | D:14     | Identified the +6 ring mail "Wassu" {rN+ Slay+5}
 35702 | D:15     | Entered Level 15 of the Dungeon
 35929 | D:15     | Found a gate leading to a gauntlet.
 35938 | Gauntlet | Entered a Gauntlet
 35938 | Gauntlet | Found a transporter.
 35938 | Gauntlet | Found a runed translucent door.
 35939 | Gauntlet | Found a runed translucent door.
 35942 | Gauntlet | Found a transporter.
 35946 | Gauntlet | Found a transporter.
 35957 | Gauntlet | Found a transporter.
 35958 | Gauntlet | Found a transporter.
 35966 | Gauntlet | Found a transporter.
 35970 | Gauntlet | Found a transporter.
 35978 | Gauntlet | Found a transporter.
 36024 | Gauntlet | Found a transporter.
 36132 | Gauntlet | Found a transporter.
 36340 | Gauntlet | Found a transporter.
 36433 | Gauntlet | Found a transporter.
 36433 | Gauntlet | Found a transporter.
 36542 | Gauntlet | Found a transporter.
 36636 | Gauntlet | Identified the amulet "Viddauh" {Faith Int+4}
 37368 | D:15     | Found a staircase to the Depths.
 37871 | D:15     | Reached skill level 5 in Ice Magic
 38663 | Spider:1 | Entered Level 1 of the Spider Nest
 39839 | Spider:1 | Reached XP level 17. HP: 159/159 MP: 26/40
 41338 | Spider:2 | Noticed Donald
 41343 | Spider:2 | Killed Donald
 42101 | Spider:2 | Found a runed translucent gate.
 42101 | Spider:2 | Found a runed translucent gate.
 42101 | Spider:2 | Found a runed translucent gate.
 42102 | Spider:2 | Noticed Sopaderocas's ghost (journeyman TeCj)
 42110 | Spider:2 | Killed Sopaderocas's ghost
 43964 | Spider:3 | Reached skill level 12 in Conjurations
 44605 | Spider:3 | Reached skill level 10 in Evocations
 44731 | Spider:3 | Reached skill level 10 in Air Magic
 45151 | Lair:3   | Killed Misiose's ghost
 45732 | Spider:4 | Entered Level 4 of the Spider Nest
 46611 | Spider:4 | Identified the +6 falchion "Raevesio" {venom, rElec Int+4}
 46623 | Spider:4 | Learned a level 5 spell: Lightning Bolt
 47141 | Spider:4 | Reached skill level 13 in Conjurations
 47455 | Spider:4 | Reached XP level 18. HP: 149/161 MP: 21/40
 47968 | Spider:4 | Got a gossamer rune of Zot
 48344 | Shoals:1 | Entered Level 1 of the Shoals
 48344 | Shoals:1 | Found Coudish's Armour Emporium.
 49145 | Shoals:1 | Found a shimmering altar of Xom.
 49684 | Shoals:2 | Found a runed translucent gate.
 49684 | Shoals:2 | Found a runed translucent gate.
 49684 | Shoals:2 | Found a runed translucent gate.
 49690 | Shoals:2 | Learned a level 3 spell: Ignite Poison
 52660 | Shoals:4 | Entered Level 4 of the Shoals
 53145 | Shoals:4 | Identified the +5 scimitar "Killer Bee's Doom" {spect,
                  | rCorr}
 53276 | Shoals:4 | Reached skill level 14 in Conjurations
 53474 | Shoals:4 | Identified the +7 hand axe of Xoujiole {speed, rF++}
 53509 | Shoals:4 | Identified the ring "Nezxoum" {Fire Fly Int+9 Dex+5}
 53914 | Shoals:4 | Identified Aroetryihi's Collected Works on Supportive Evil
 54261 | Shoals:3 | Learned a level 9 spell: Chain Lightning
 54314 | Shoals:4 | Noticed Polyphemus
 54493 | Shoals:4 | Killed Polyphemus
 54836 | Shoals:4 | HP: 8/166 [sea snake (15)]
 54838 | Shoals:4 | HP: 2/166 [sea snake (11)]
 54838 | Shoals:4 | Hit by a silver javelin thrown by a merfolk javelineer

Illustrated notes

Levels and vault maps discovered:
D:1:      lemuel_arrival_behind_the_door_small, layout_basic
D:2:      layout_loops_ring, shapermc_ecumenical_altar_flowoftime
D:3:      layout_basic
D:4:      layout_loops_ring, kennysheep_ying_yang, minmay_temple_entry_mist
D:5:      layout_gridville, doesnt_xom_only_xom, lemuel_round_altar,
          nicolae_ossuary_entry_plus, serial_shops, kennysheep_mini,
          nicolae_sextant
D:6:      layout_basic, grunt_temple_overflow_open
D:7:      layout_rooms, uniq_joseph
D:8:      minmay_diamond_stairs, layout_basic, lair_entry_dummy,
          kennysheep_small_circle
D:9:      layout_layer_cave, uniq_gastronok
D:10:     minmay_polygon_palace, layout_irregular_city,
          chequers_temple_overflow_statue_of_worship,
          nicolae_overflow_hidden_temple, enter_bailey_5, serial_shops, shop,
          shop
D:11:     layout_long_grid, david_orc_5, uniq_josephine, uniq_nergalle,
          uniq_fannar, uniq_urug
D:12:     layout_irregular_city, cheibrodos_worm_habitat, uniq_nessos
D:13:     layout_loops_ring, serial_shops, freezing_bzr
D:14:     layout_loops_ring, david_vaults_4, minmay_misc_feat_x, uniq_azrael
D:15:     gammafunk_depths_entry_grave, layout_loops_cross,
          gauntlet_entry_generic, hangedman_decor_riveting, skrybe_limestone_x
Temple:   kb_temple_of_zot
Lair:1:   layout_chaotic_city
Lair:2:   nzn_winding_woodlands_stair_cross [nzn_winding_woodlands_5x15_twine,
          nzn_winding_woodlands_center_diamonds,
          nzn_winding_woodlands_5x15_split_checker,
          nzn_winding_woodlands_5x5_perimeter, nzn_winding_woodlands_hourglass,
          nzn_winding_woodlands_5x15_cabin, nzn_winding_woodlands_center_lodge,
          nzn_winding_woodlands_5x15_zeroes], layout_cave_pods,
          spider_nest_entry_funnel_web, basic_altar,
          portal_ice_cave_demonic_guard, uniq_harold
Lair:3:   layout_cave_pods, nzn_ghost_randoct, minmay_stone_trees_large,
          uniq_snorg
Lair:4:   gammafunk_indiana_jones, layout_small_grid,
          minmay_shoals_entry_lonely_mermaid
Lair:5:   layout_regular_city, minmay_slime_entry_eyes, fungi_pond_lemuel
Lair:6:   due_jungle_book, layout_loops_ring, special_room [special_room_bee],
          hellmonk_guarded_unrand_zhor, lemuel_fruit_tree, serial_bayou_shore_b,
          uniq_kirke
Shoals:1: layout_shoals, serial_shops, nicolae_shop_statue_plus,
          lemuel_oklob_altar
Shoals:2: layout_shoals, nicolae_shoals_beach_cooler
Shoals:3: layout_shoals, nicolae_shoals_pincushion_passage
Shoals:4: shoals_end_simple, layout_shoals, uniq_polyphemus
Spider:1: layout_spider_delve, spiders_nest_spider_trap
Spider:2: layout_spider_delve, ebering_ghost_rock_garden, uniq_donald
Spider:3: layout_spider_delve, nicolae_spider_bzzzt
Spider:4: grunt_spider_rune_parallel
Orc:1:    layout_caves, gammafunk_ghost_split
Orc:2:    grunt_orc_tribal_feast, layout_diamond_mine

Skill      XL: |  1  2  3  4  5  6  7  8  9 10 11 12 13 14 15 16 17 18 |
---------------+-------------------------------------------------------+-----
Air Magic      | 1 2 4 6 7 11 12 | 12.3
Poison Magic   | 4 5 6 7 8 10 | 10.2
Spellcasting   | 3 4 6 7 9 10 12 13 | 13.6
Fighting       | 3 4 6 7 8 9 |  9.2
Stealth        | 2 4 |  4.0
Shields        | 2 6 8 9 10 12 | 12.6
Evocations     | 3 6 8 10 | 10.0
Maces & Flails | 1 5 |  5.6
Conjurations   | 3 7 10 11 13 14 | 14.7
Earth Magic    | 3 7 8 10 11 | 11.1
Translocations | 4 |  4.5
Dodging        | 4 |  4.9
Ice Magic      | 6 7 |  7.2
Transmutations | |  1.0

Action                   |  1- 3 |  4- 6 |  7- 9 | 10-12 | 13-15 | 16-18 || total
-------------------------+-------+-------+-------+-------+-------+-------++-------
Melee: Club              |     4 |       |       |       |       |       ||     4
       Tailslap          |     6 |    17 |    31 |    65 |    91 |    37 ||   247
       Dagger            |     2 |       |       |       |       |       ||     2
       Mace              |    34 |   126 |   230 |   273 |   554 |   279 ||  1496
Throw: Dart              |       |       |       |     1 |       |       ||     1
       Javelin           |       |       |       |     1 |       |       ||     1
 Cast: Sting             |    42 |    11 |     3 |     4 |     1 |    20 ||    81
       Poisonous Vapours |    20 |    50 |    45 |    95 |    94 |   271 ||   575
       Mephitic Cloud    |       |     1 |     6 |    35 |    10 |     5 ||    57
       Olgreb's Toxic Ra |       |       |     4 |    48 |    67 |    86 ||   205
       Iskenderun's Myst |       |       |       |       |   109 |   221 ||   330
       Irradiate         |       |       |       |       |    16 |     2 ||    18
       Swiftness         |       |       |       |       |     1 |     1 ||     2
       Lehudib's Crystal |       |       |       |       |     1 |    92 ||    93
       Freezing Cloud    |       |       |       |       |       |    47 ||    47
       Iskenderun's Batt |       |       |       |       |       |     4 ||     4
       Passwall          |       |       |       |       |       |     4 ||     4
       Passage of Golubr |       |       |       |       |       |     3 ||     3
       Lightning Bolt    |       |       |       |       |       |    67 ||    67
       Ignite Poison     |       |       |       |       |       |    58 ||    58
       Chain Lightning   |       |       |       |       |       |     7 ||     7
Invok: Curse Item        |       |       |     3 |     4 |     4 |     2 ||    13
       Shatter the Chain |       |       |       |     1 |     2 |     1 ||     4
 Abil: Breathe Steam     |       |       |    25 |    79 |    65 |    31 ||   200
Evoke: Wand              |       |       |       |    26 |     3 |    22 ||    51
  Use: Scroll            |       |     3 |       |       |       |     3 ||     6
       Potion            |       |       |       |     1 |     1 |     7 ||     9
 Stab: Sleeping          |       |       |     1 |     2 |     3 |       ||     6
       Confused          |       |       |       |     5 |     3 |       ||     8
       Distracted        |       |       |       |       |     1 |       ||     1
Armor: Skin              |    19 |    48 |   113 |    90 |   119 |   181 ||   570
Dodge: Dodged            |    23 |    84 |   186 |   145 |   169 |   345 ||   952
Block: Kite shield       |       |       |     9 |   323 |   509 |   753 ||  1594
       Reflection        |       |       |       |    17 |     7 |    47 ||    71
       Other             |       |       |       |       |       |     1 ||     1
